 Dungeon Crawl Stone Soup version 0.29-a0-284-gf9362112df (webtiles) character file.

Game seed: 8210811276235787336

298 gzilladon the Chopper (level 6, -2/52 HPs)
             Began as a Hill Orc Fighter on Mar 24, 2022.
             Killed by nerve-wracking pain
             ... invoked by a shadow imp
              (5 damage)
             ... on level 4 of the Dungeon.
             The game lasted 00:14:34 (3834 turns).

gzilladon the Chopper (Hill Orc Fighter)            Turns: 3834, Time: 00:14:36

Health: -2/52      AC: 10    Str: 21    XL:     6   Next: 35%
Magic:  6/6        EV: 10    Int:  8    God:
Gold:   262        SH:  5    Dex: 10    Spells: 5/5 levels left

rFire   + . .      SeeInvis .   a - +1 war axe
rCold   . . .      Faith    .   c - +1 buckler
rNeg    + . .      Spirit   .   s - +3 ring mail
rPois   .          Reflect  .   k - +0 helmet
rElec   .          Harm     .   (no cloak)
rCorr   .          Rampage  .   (no gloves)
Will    .....                   (no boots)
Stlth   ..........              (no amulet)
HPRegen 0.17/turn               m - ring of protection from fire
MPRegen 0.10/turn               o - ring of positive energy

@: mighty
A: no striking features
a: no special abilities


You were on level 4 of the Dungeon.
You visited 1 branch of the dungeon, and saw 5 of its levels.

You collected 262 gold pieces.

Inventory:

Hand Weapons
 a - a +1 war axe (weapon)
Missiles
 e - 151 stones (quivered)
 g - 2 silver javelins
 p - 6 javelins
Armour
 b - a +0 scale mail
 c - a +1 buckler (worn)
 k - a +0 helmet (worn)
 s - a +3 ring mail (worn)
Magical Staves
 l - a staff of poison
Jewellery
 m - a ring of protection from fire (left hand)
 o - a ring of positive energy (right hand)
Scrolls
 f - 2 scrolls of enchant armour
 h - 2 scrolls of identify {unknown}
 j - a scroll of enchant weapon
 q - a scroll of magic mapping
 r - a scroll of fear {unknown}
Potions
 i - a potion of brilliance {unknown}
 n - a potion of haste {unknown}
 t - a potion of attraction {unknown}
 u - a potion of curing {unknown}
 v - a potion of cancellation {unknown}


   Skills:
 + Level 4.2 Fighting
 * Level 6.3 Axes
 + Level 4.7 Armour
 + Level 0.5 Dodging
 + Level 4.0 Shields


You had 5 spell levels left.
You didn't know any spells.
Your spell library contained the following spells:

 Spells                   Type           Power      Damage    Failure   Level
 Animate Skeleton         Necr           0%         N/A       65%         1
 Apportation              Tloc           0%         N/A       65%         1
 Magic Dart               Conj           0%         1d3       65%         1
 Summon Small Mammal      Summ           0%         N/A       65%         1
 Call Imp                 Summ           0%         N/A       80%         2
 Ensorcelled Hibernation  Hex/Ice        0%         N/A       80%         2
 Passwall                 Tmut/Erth      0%         N/A       80%         2
 Scorch                   Fire           0%         2d5       80%         2
 Mephitic Cloud           Conj/Pois/Air  0%         N/A       95%         3
 Swiftness                Air            0%         N/A       95%         3
 Flame Wave               Conj/Fire      0%         2d4       100%        4
 Alistair's Intoxication  Tmut/Pois      0%         N/A       100%        5
 Summon Cactus Giant      Summ           0%         N/A       100%        6


Dungeon Overview and Level Annotations

Branches:
Dungeon (5/15)
 Temple: D:4-7

Altars:
Fedhas
Nemelex Xobeh
Ru

Shops:
D:4 (

Annotations:
D:4 Prince Ribbit


Message History

Pain shoots through your body!
Prince Ribbit hops awkwardly around.
You block the shadow imp's attack.
The shadow imp shouts, "Remove thy stench, thou obnoxious idle-headed prigger-of-prances!"
The shadow imp hits you but does no damage.
You barely miss the shadow imp. The shadow imp closely misses you.
An ogre comes into view. It is wielding a +0 giant club.
You closely miss the shadow imp.
The ogre shouts!
You hit Prince Ribbit but do no damage. Prince Ribbit hits you!
You block Prince Ribbit's attack.
The shadow imp hits you but does no damage.
Prince Ribbit attacks as you move away! Prince Ribbit hits you.
The shadow imp hits you but does no damage.
The shadow imp attacks as you move away!
You block the shadow imp's attack. Prince Ribbit attacks as you move away!
Prince Ribbit barely misses you. Prince Ribbit closely misses you.
You see here 4 gold pieces.
Prince Ribbit closely misses you.
The shadow imp hits you but does no damage.
The shadow imp attacks as you move away!
The shadow imp hits you but does no damage.
Prince Ribbit hits you!
There is an escape hatch in the ceiling here.
Prince Ribbit catches a small bird with his tongue.
Prince Ribbit hits you!
* * * LOW HITPOINT WARNING * * *
The shadow imp misses you. A mysterious force pulls you upwards.
The hatch slams shut behind you.
You feel very mighty all of a sudden. Prince Ribbit closely misses you.
The shadow imp hits you but does no damage.
You barely miss Prince Ribbit. You slash the shadow imp!
Prince Ribbit hits you.
* * * LOW HITPOINT WARNING * * *
Prince Ribbit hits you.
* * * LOW HITPOINT WARNING * * *
The shadow imp gestures at you. Pain shoots through your body!
You die...

#..........##.###.#########.#####
#..##.####.#..#......#...........
...........#.........#.####.####.
......###..#.##....###.#.......#.
#...### #..#..#....# #.#.##.##.#.
....# #......#######.#.#...#.#.
#...#####..#...# #......._.....
...............#####.#.#.#...#.#.
.....####.......@....#.#.##.##.#.
........#......5F....#.#...)...#.
.....................#.####)####.
#.#..##.#.##......##.#....)......
..................##.######.#####
...........#......##..####..#
........#..#......#.........#
#.#..#..#..#......#...#####)#
..........................#.#


You could see Prince Ribbit and a shadow imp.

Vanquished Creatures
  A phantom (D:4)
  A scorpion (D:4)
  An iguana (D:4)
  Terence (D:2)
  4 adders
  4 worms
  2 dart slugs
  9 orcs (D:4)
  5 endoplasms
  3 giant cockroaches
  6 goblins
  6 hobgoblins
  A quokka (D:1)
  2 ball pythons
  2 bats (D:1)
  4 frilled lizards
  3 kobolds
55 creatures vanquished.

Notes
Turn   | Place    | Note
-------+----------+-------------------------------------------
     0 | D:1      | gzilladon the Hill Orc Fighter began the quest for the Orb.
     0 | D:1      | Reached XP level 1. HP: 19/19 MP: 1/1
   131 | D:1      | Reached XP level 2. HP: 27/27 MP: 2/2
   597 | D:2      | Reached skill level 3 in Axes
   666 | D:2      | Reached XP level 3. HP: 33/33 MP: 3/3
   706 | D:2      | Noticed Terence
   715 | D:2      | Killed Terence
  1017 | D:2      | Found a blossoming altar of Fedhas.
  1142 | D:2      | Found a faded altar of an unknown god.
  1159 | D:2      | Reached XP level 4. HP: 24/40 MP: 4/4
  1502 | D:2      | Reached skill level 4 in Axes
  1865 | D:3      | Found a sparkling altar of Nemelex Xobeh.
  2720 | D:4      | Noticed a phantom
  2729 | D:4      | Killed a phantom
  2730 | D:4      | Reached skill level 5 in Axes
  2730 | D:4      | Reached XP level 5. HP: 42/46 MP: 5/5
  2896 | D:4      | Found a sacrificial altar of Ru.
  3064 | D:4      | Found Pyijor's Antique Weapon Emporium.
  3367 | D:4      | Reached skill level 6 in Axes
  3367 | D:4      | Reached XP level 6. HP: 51/52 MP: 6/6
  3821 | D:5      | Entered Level 5 of the Dungeon
  3821 | D:5      | Noticed Prince Ribbit
  3834 | D:4      | Killed from afar by a shadow imp

Illustrated notes

Levels and vault maps discovered:
D:1:      grunt_arrival_lava_bath, layout_basic, minmay_pentomino_u2
D:2:      layout_basic, basic_altar, ebering_ecumenical_altar_hall,
          chequers_serial_rivers_large_b, uniq_terence
D:3:      layout_loops_ring, nemelex_diamond_rough_becter,
          chequers_serial_rivers_micro_e, hangedman_decor_lopped
D:4:      layout_basic, nicolae_ru_sacrificial_ziggurat, serial_shops,
          nicolae_shop_hallway_stairs, minmay_ruptured
D:5:      kennysheep_spiral_hall, layout_basic,
          nicolae_qazlal_style_of_elements, serial_shops, nicolae_shop_stone,
          shop, nicolae_square_shop, kennysheep_generic_room_5, uniq_pikel,
          uniq_prince_ribbit1

Skill      XL: |  1  2  3  4  5 |
---------------+----------------+-----
Axes           | 3 5 6 |  6.3
Armour         | 4 |  4.7
Fighting       | 4 |  4.2
Shields        | 4 |  4.0
Dodging        | |  0.5

Action                   |  1- 3 |  4- 6 || total
-------------------------+-------+-------++-------
Melee: War axe           |    69 |   129 ||   198
  Use: Scroll            |       |     6 ||     6
       Potion            |       |     2 ||     2
Armor: Scale mail        |    30 |    48 ||    78
       Ring mail         |       |    18 ||    18
Dodge: Dodged            |    33 |    78 ||   111
Block: Buckler           |    18 |    36 ||    54

Table legend: (Time is in decaauts)
 A = Elapsed time spent in this place.
 B = Non-inter-level travel time spent in this place.
 C = Inter-level travel time spent in this place.
 D = Time resting spent in this place.
 E = Time spent auto-exploring this place.
 F = Levels seen in this place.
 G = Mean time per level.
                   A        B        C        D        E       F      G
               +--------+--------+--------+--------+--------+-----+--------+
         Total |   3927 |   3751 |    176 |    721 |      0 |   5 |  785.4 |
       Dungeon |   3927 |   3751 |    176 |    721 |      0 |   5 |  785.4 |
               +--------+--------+--------+--------+--------+-----+--------+

Top non-repeatable levels by time:
     D:4: 1324 daAuts
     D:2: 1136 daAuts
     D:3: 848 daAuts
     D:1: 606 daAuts
     D:5: 11 daAuts
